 Dungeon Crawl Stone Soup version 0.21.0-22-g11d5b52 (webtiles) character file.

192159 HEYYEYAAE the Geomancer (level 17, -1/140 HPs)
             Began as a Demigod Earth Elementalist on Jan 16, 2018.
             Slain by a redback (5 damage)
             ... on level 3 of the Spider Nest on Jan 18, 2018.
             The game lasted 01:54:29 (38027 turns).

HEYYEYAAE the Geomancer (DgEE)                     Turns: 38027, Time: 01:54:30

Health: -1/140     AC:  9    Str:  9    XL:     17   Next: 4%
Magic:  26/48      EV: 16    Int: 43    God:
Gold:   1755       SH:  8    Dex: 11    Spells: 3/42 levels left

rFire    + . .     SeeInvis .   A - +8 quarterstaff (crush)
rCold    . . .     Gourm    .   (shield currently unavailable)
rNeg     . . .     Faith    .   V - +1 leather armour of Youthful Indiscretion {rF+ Regen+ Str-2 Int+10}
rPois    +         Spirit   .   c - +2 helmet
rElec    .         Reflect  +   X - scarf {repulsion}
rCorr    .         Harm     .   (no gloves)
MR       +....                  v - +0 pair of boots
Stlth    ++........             k - brooch of Shielding {Reflect SH+8}
HPRegen  0.73/turn              W - ring of Activism {rPois AC+3 Int+4 Dex-5 Stlth+}
MPRegen  0.31/turn              q - ring of magical power

@: corroded, very slightly contaminated, repel missiles
A: high mp 1
}: 1/15 runes: decaying
a: no special abilities


You were on level 3 of the Spider Nest.
You were not hungry.

You visited 6 branches of the dungeon, and saw 31 of its levels.
You also visited: Ice Cave.

You collected 3688 gold pieces.
You spent 1933 gold pieces at shops.

Inventory:

Hand Weapons
 A - a +8 quarterstaff of crushing (weapon)
Missiles
 C - 69 stones (quivered)
Armour
 c - a +2 helmet (worn)
 v - a +0 pair of boots (worn)
 M - the +3 leather armour "Fucuikig" {rPois Int+7}
   (You found it on level 2 of the Lair of Beasts)

   It affects your intelligence (+7).
   It protects you from poison.
 U - a +0 buckler of reflection
 V - the +1 leather armour of Youthful Indiscretion (worn) {rF+ Regen+ Str-2 Int+10}
   (You bought it in a shop on level 13 of the Dungeon)

   It affects your strength (-2).
   It affects your intelligence (+10).
   It protects you from fire.
   It increases your rate of regeneration.
 X - a scarf of repulsion (worn)
Jewellery
 k - the brooch of Shielding (around neck) {Reflect SH+8}
   (You found it on level 6 of the Lair of Beasts)

   [amulet of reflection]

   It shields you and reflects attacks.
   It affects your SH (+8).
 m - an uncursed ring of protection from cold
 o - an uncursed ring of protection from magic
 q - a ring of magical power (right hand)
 F - the ring of Bemeill {*Corrode +Blink MR+ Int+2 Stlth-}
   (You found it on level 10 of the Dungeon)

   [ring of loudness]

   It affects your intelligence (+2).
   It affects your resistance to hostile enchantments.
   It lets you blink.
   It may corrode you when you take damage.
   It makes you less stealthy.
 I - an uncursed ring of flight
 L - an uncursed ring of resist corrosion
 T - an uncursed amulet of regeneration
 W - the ring of Activism (left hand) {rPois AC+3 Int+4 Dex-5 Stlth+}
   (You found it on level 13 of the Dungeon)

   [ring of protection]

   It affects your AC (+3).
   It affects your intelligence (+4).
   It affects your dexterity (-5).
   It protects you from poison.
   It makes you more stealthy.
Wands
 p - a wand of iceblast (1)
 O - a wand of paralysis (21)
 P - a wand of enslavement (9)
Scrolls
 b - 2 scrolls of holy word
 h - 7 scrolls of enchant armour
 j - 4 scrolls of teleportation
 l - 3 scrolls of magic mapping
 u - 6 scrolls of amnesia
 y - 5 scrolls of fog
 z - 15 scrolls of remove curse
 H - 2 scrolls of vulnerability
Potions
 a - a potion of heal wounds
 g - 7 potions of lignification
 i - 5 potions of haste
 s - 3 potions of berserk rage
 t - 4 potions of invisibility
 w - a potion of resistance
 x - 7 potions of curing
 B - 3 potions of agility
 D - 3 potions of might
 E - 5 potions of flight
 G - 2 potions of brilliance
 J - 2 potions of mutation
 S - 2 potions of ambrosia
 Z - 2 potions of cancellation
Books
 e - a book of the Earth

   Spells                             Type                      Level
   a - Leda's Liquefaction            Hexes/Earth                  4
   b - Bolt of Magma                  Conjuration/Fire/Earth       5
   c - Statue Form                    Transmutation/Earth          6
   d - Iron Shot                      Conjuration/Earth            6
   e - Shatter                        Earth                        9
 f - a book of the Sky

   Spells                             Type                      Level
   a - Summon Lightning Spire         Summoning/Air                4
   b - Silence                        Hexes/Air                    5
   c - Deflect Missiles               Charms/Air                   6
   d - Conjure Ball Lightning         Conjuration/Air              6
   e - Tornado                        Air                          9
 K - a book of Summonings

   Spells                             Type                      Level
   a - Recall                         Summoning/Translocation      3
   b - Aura of Abjuration             Summoning                    5
   c - Summon Demon                   Summoning                    5
   d - Summon Forest                  Summoning/Translocation      5
   e - Summon Mana Viper              Hexes/Summoning              5
   f - Shadow Creatures               Summoning                    6
 Q - a book of the Tempests

   Spells                             Type                      Level
   a - Static Discharge               Conjuration/Air              3
   b - Lightning Bolt                 Conjuration/Air              5
   c - Ignition                       Fire                         8
   d - Tornado                        Air                          9
   e - Shatter                        Earth                        9
Miscellaneous
 n - a lamp of fire
 R - a phantom mirror
 Y - a crystal ball of energy
Comestibles
 d - 31 rations


   Skills:
 - Level 10.1 Fighting
 - Level 9.5 Staves
 + Level 10.2 Armour
 - Level 10.2 Dodging
 - Level 1.7 Stealth
 - Level 6.4 Shields
 * Level 13.0 Spellcasting
 - Level 0.8 Transmutations
 * Level 14.1 Earth Magic
 - Level 9.5 Evocations


You had 3 spell levels left.
You knew the following spells:

 Your Spells              Type           Power        Failure   Level  Hunger
a - Sandblast             Erth           ######       0%          1    None
b - Stone Arrow           Conj/Erth      ######       1%          3    None
c - Lee's Rapid Deconstr  Erth           #######...   1%          5    None
d - Petrify               Tmut/Erth      #######.     1%          4    None
e - Blink                 Tloc           N/A          1%          2    None
f - Shroud of Golubria    Chrm/Tloc      ####......   1%          2    None
g - Regeneration          Chrm/Necr      ####......   4%          3    None
h - Passwall              Tmut/Erth      #######...   1%          2    None
i - Borgnjor's Vile Clut  Necr/Erth      ######....   1%          5    None
j - Mephitic Cloud        Conj/Pois/Air  ####....     4%          3    None
k - Shatter               Erth           #######...   96%         9    #######


Dungeon Overview and Level Annotations

Branches:
Dungeon (15/15)            Temple (1/1) D:4            Lair (6/6) D:8
  Swamp (4/4) Lair:3       Spider (3/4) Lair:2        Slime (0/5) Lair:5
    Orc (2/2) D:12            Elf (0/3) Orc:2        Vaults (0/5) D:13
 Depths (0/5) D:15

Shops:
D:6 ?   D:7 [!=:=   D:13 [   D:14 *   Orc:1 *   Orc:2 !}(

Annotations:
Lair:6 exclusion: oklob plant
Spider:3 Agnes


Innate Abilities, Weirdness & Mutations

You have an increased reservoir of magic. (+10% MP)


Message History

Casting: Blink
Confirm with . or Enter, or press ? or * to list all spells.
You blink.
The entropy weaver twitches its antennae in your direction.
Found a scroll of random uselessness and 15 gold pieces.
As you read the scroll of teleportation, it crumbles to dust.
You feel strangely unstable.
A redback comes into view.
The entropy weaver evades a web.
Found a robe.
The entropy weaver casts a spell.
The entropic weave corrodes you! The redback bites you!
* * * LOW HITPOINT WARNING * * *
Blink to where?
Press: ? - help, Dir - move target cursor
As you read the scroll of blinking, it crumbles to dust.
The entropy weaver is caught in a web!
Your surroundings suddenly seem different.
The redback closely misses you. The redback bites you.
You die... . ... ....## .#. .. ss...

.... .. .... .
..##. s..
....... .. #
....#..#. .###
#...)..#....#
#s@..#
#..#.#...# .....
... ..# ..#.?..
.............. .
..^#..
#...#[.......#..
^......
...^.$.#.......
......#
?s..#......#...
.. ....
.#..#.....#....#
. ..
......#.........


You could see a tarantella (wandering) and 4 redbacks.

Vanquished Creatures
  Nikola (Swamp:4)
  Arachne (Spider:2)
  Rupert (D:13)
  Asterion (Spider:1)
  A thorn hunter (Swamp:2)
  Frances (Swamp:1)
  Roxanne (D:15)
  An orc warlord (Orc:1)
  Louise (D:14)
  5 emperor scorpions
  An entropy weaver (Spider:2)
  Erolcha (Orc:2)
  26 hydras
  A ghost crab (Swamp:1)
  An ogre mage (Orc:2)
  The ghost of matthes123 the Fighter, a novice TrMo of Nemelex Xobeh (D:10)
  2 ice dragons (IceCv)
  2 centaur warriors
  The ghost of MTVSty1e the Impaler, a journeyman DsGl (D:11)
  2 catoblepae
  A death knight (D:14)
  4 alligators
  5 two-headed ogres
  A two-headed ogre (shapeshifter) (D:13)
  12 death yaks
  A queen ant (Lair:3)
  A tengu warrior (D:13)
  A deep troll shaman (Lair:6)
  Nergalle (D:12)
  3 spriggans
  2 spriggan berserkers (Swamp:4)
  Sonja (D:15)
  12 swamp dragons
  4 skeletal warriors
  2 unseen horrors
  2 spriggan druids (Swamp:4)
  2 phantasmal warriors
  2 shambling mangroves (Swamp:4)
  Pikel (D:8)
  A necromancer (D:15)
  2 orc knights
  9 ugly things
  13 orb spiders
  16 wolf spiders
  9 orc sorcerers
  2 cyclopes
  2 manticores
  Maurice (D:9)
  3 elephants (Lair:6)
  2 ice statues (IceCv)
  A frost giant skeleton (D:15)
  Joseph (D:7)
  4 gargoyles
  11 black mambas
  15 spiny frogs
  3 rime drakes
  4 komodo dragons
  A yaktaur (D:15)
  4 demonic crawlers
  10 hornets
  6 polar bears
  8 tyrant leeches
  5 trolls
  15 jumping spiders
  26 blink frogs
  Prince Ribbit (D:7)
  4 dream sheep (Lair:4)
  7 hippogriffs
  A meliai zombie (D:12)
  16 slime creatures
  A deep troll zombie (D:15)
  6 bog bodies
  An elf zombie (D:15)
  32 redbacks
  Sigmund (D:5)
  2 wraiths
  2 water elementals (D:15)
  A shadow (Swamp:2)
  5 tarantellas
  3 centaur simulacra (D:15)
  3 vampires
  3 hogs (D:13)
  A wyvern (D:12)
  14 yaks
  17 humans (D:13)
  4 hungry ghosts
  4 basilisks
  2 large abominations (D:10)
  26 vampire mosquitoes
  19 insubstantial wisps
  7 wargs
  An acid dragon (D:15)
  24 swamp worms
  13 soldier ants
  11 water moccasins
  9 porcupines
  11 swamp drakes
  27 orc warriors
  3 sky beasts
  A meliai simulacrum (D:15)
  15 ogres
  33 ice beasts
  5 black bears
  A necrophage (D:7)
  A phantom (D:12)
  16 centaurs
  14 wolves
  8 crocodiles
  3 big kobolds
  14 bullfrogs
  3 scorpions
  9 killer bees
  A tengu zombie (D:15)
  The ghost of p0werm0de the Vexing, a weakling BaEn (D:5)
  5 wights (D:8)
  2 electric eels (D:8)
  4 crimson imps
  4 howler monkeys
  A centaur zombie (D:11)
  4 hounds
  4 jellies
  2 bullfrog zombies
  41 orc wizards
  8 bullfrog skeletons
  4 centaur skeletons
  14 orc priests
  An iguana (D:6)
  39 worker ants
  Natasha (D:2)
  A bullfrog simulacrum (D:8)
  A hound zombie (D:7)
  2 hound skeletons
  Robin (D:2)
  9 adders
  8 gnolls
  2 shadow imps
  7 white imps
  2 ufetubi (D:15)
  An ooze (D:2)
  5 dart slugs
  An adder simulacrum (D:8)
  4 leopard geckos
  105 orcs
  6 bats
  8 giant cockroaches
  15 goblins
  6 hobgoblins
  11 jackals
  9 quokkas
  A ball python (D:3)
  A frilled lizard (D:1)
  A jackal simulacrum (D:8)
  17 kobolds
  A leopard gecko zombie (D:7)
  A quokka skeleton (D:6)
  A quokka zombie (D:5)
  12 rats
1064 creatures vanquished.

Vanquished Creatures (collateral kills)
  An orb spider (Spider:2)
  A demonic crawler (Spider:2)
  A hornet (Spider:2)
  3 tarantellas (Spider:2)
  A redback (Spider:2)
7 creatures vanquished.

Vanquished Creatures (others)
  A cyclops (D:14)
  A hippogriff (Lair:5)
  4 slaves (D:8)
  A centaur (D:15)
  An orc priest (D:8)
  2 orc wizards
  3 orcs
  9 fungi
  6 plants
  11 withered plants (D:15)
39 creatures vanquished.

Grand Total: 1110 creatures vanquished

Notes
Turn   | Place    | Note
-------+----------+-------------------------------------------
     0 | D:1      | HEYYEYAAE the Demigod Earth Elementalist began the quest for the Orb.
     0 | D:1      | Reached XP level 1. HP: 14/14 MP: 5/5
   226 | D:1      | Reached XP level 2. HP: 20/20 MP: 2/7
   311 | D:1      | Reached skill level 3 in Earth Magic
   705 | D:1      | Reached XP level 3. HP: 27/27 MP: 7/9
  1007 | D:2      | Reached skill level 1 in Armour
  1027 | D:2      | Noticed Robin
  1036 | D:2      | Reached skill level 1 in Fighting
  1142 | D:2      | Reached XP level 4. HP: 35/35 MP: 7/10
  1153 | D:2      | Killed Robin
  1454 | D:2      | Learned a level 3 spell: Stone Arrow
  1631 | D:2      | Noticed Natasha
  1635 | D:2      | Killed Natasha
  1930 | D:3      | Reached XP level 5. HP: 38/40 MP: 12/12
  2346 | D:3      | Found a hide-covered altar of Uskayaw.
  3726 | D:4      | Reached skill level 4 in Earth Magic
  3856 | D:4      | Reached XP level 6. HP: 47/48 MP: 14/14
  4119 | D:4      | Found a staircase to the Ecumenical Temple.
  4125 | Temple   | Entered the Ecumenical Temple
  4154 | D:5      | Entered Level 5 of the Dungeon
  4413 | D:5      | Noticed p0werm0de's ghost (weakling BaEn)
  4426 | D:5      | Killed p0werm0de's ghost
  4612 | D:5      | Noticed Sigmund
  4616 | D:5      | Killed Sigmund
  4616 | D:5      | Reached XP level 7. HP: 47/56 MP: 14/16
  4995 | D:6      | Found Temu's Magic Scroll Shop.
  5007 | D:6      | Bought a scroll of enchant weapon for 82 gold pieces
  5007 | D:6      | Bought a scroll of teleportation for 33 gold pieces
  5007 | D:6      | Bought a scroll of teleportation for 33 gold pieces
  5007 | D:6      | Bought a scroll of fog for 22 gold pieces
  5007 | D:6      | Bought a scroll of remove curse for 33 gold pieces
  5087 | D:6      | Reached skill level 5 in Earth Magic
  5094 | D:6      | Found a snail-covered altar of Cheibriados.
  5539 | D:6      | Reached XP level 8. HP: 63/63 MP: 18/18
  5671 | D:7      | Found Plog's Antique Armour Emporium.
  5723 | D:7      | Found Goret's Jewellery Emporium.
  5755 | D:7      | Noticed Joseph
  5763 | D:7      | Killed Joseph
  5763 | D:7      | Reached skill level 1 in Staves
  5763 | D:7      | Reached skill level 5 in Spellcasting
  5763 | D:7      | Reached skill level 1 in Evocations
  5907 | D:7      | Found Son Tikecve's Jewellery Boutique.
  5920 | D:7      | Found Adwuyp's Book Emporium.
  6018 | D:7      | Noticed Prince Ribbit
  6028 | D:7      | Killed Prince Ribbit
  6028 | D:7      | Reached skill level 6 in Earth Magic
  6032 | D:7      | Found Cimoqekh's Distillery.
  6041 | D:7      | Bought a potion of flight for 36 gold pieces
  6041 | D:7      | Bought a potion of flight for 36 gold pieces
  6041 | D:7      | Bought a potion of curing for 36 gold pieces
  6041 | D:7      | Bought a potion of agility for 48 gold pieces
  6164 | D:7      | Found a shimmering altar of Xom.
  6832 | D:8      | Noticed a polar bear
  6834 | D:8      | Noticed a hippogriff
  6836 | D:8      | Noticed Pikel
  6840 | D:8      | Noticed a polar bear
  6870 | D:8      | Reached XP level 9. HP: 53/71 MP: 12/21
  6878 | D:8      | Killed Pikel
  7077 | D:8      | Reached skill level 7 in Earth Magic
  7424 | D:8      | Reached skill level 5 in Dodging
  7504 | D:8      | Noticed a two-headed ogre
  7509 | D:8      | Killed a two-headed ogre
  7509 | D:8      | Reached XP level 10. HP: 54/80 MP: 19/23
  7592 | D:8      | Noticed a two-headed ogre
  7598 | D:8      | Killed a two-headed ogre
  7607 | D:8      | Reached skill level 5 in Armour
  7792 | D:9      | Noticed Maurice
  7813 | D:9      | Reached skill level 5 in Fighting
  8303 | D:8      | Reached skill level 8 in Earth Magic
  8340 | D:8      | Noticed a white ugly thing
  8347 | D:8      | Killed a white ugly thing
  8348 | D:8      | Noticed a two-headed ogre
  8649 | D:8      | Found a staircase to the Lair.
  8657 | D:8      | Killed a two-headed ogre
  9189 | D:9      | Killed Maurice
  9275 | D:9      | Noticed a cyclops
  9286 | D:9      | Killed a cyclops
  9286 | D:9      | Reached XP level 11. HP: 47/88 MP: 4/26
  9796 | D:10     | Entered Level 10 of the Dungeon
  9957 | D:10     | Noticed matthes123's ghost (novice TrMo)
  9980 | D:10     | Killed matthes123's ghost
 10110 | D:10     | Killed an unseen horror
 10376 | D:10     | Learned a level 5 spell: Lee's Rapid Deconstruction
 10381 | D:10     | Learned a level 4 spell: Petrify
 10512 | D:10     | Found a transporter.
 11438 | D:11     | Noticed MTVSty1e's ghost (journeyman DsGl)
 11474 | D:11     | Killed MTVSty1e's ghost
 11474 | D:11     | Reached skill level 9 in Earth Magic
 11563 | Lair:1   | Entered Level 1 of the Lair of Beasts
 11825 | Lair:1   | Reached skill level 5 in Staves
 12249 | Lair:1   | Got a steaming great sword
 12595 | Lair:2   | Reached skill level 5 in Evocations
 12618 | Lair:2   | Found a hole to the Spider Nest.
 13053 | Lair:2   | Noticed a six-headed hydra
 13179 | Lair:2   | Killed a six-headed hydra
 13179 | Lair:2   | Reached XP level 12. HP: 36/97 MP: 2/29
 13586 | Lair:2   | Got a brightly glowing leather armour
 13597 | Lair:2   | Identified the +3 leather armour "Fucuikig" {rPois Int+7} (You found it on level 2 of the Lair of Beasts)
 13780 | Lair:3   | Noticed a seven-headed hydra
 13791 | Lair:3   | Killed a seven-headed hydra
 14019 | Lair:3   | Reached skill level 10 in Earth Magic
 15396 | Lair:4   | Noticed an eight-headed hydra
 15405 | Lair:4   | Killed an eight-headed hydra
 16224 | Lair:5   | Noticed an eight-headed hydra
 16231 | Lair:5   | Killed an eight-headed hydra
 16252 | Lair:5   | Found a staircase to the Slime Pits.
 16385 | Lair:5   | Identified the +1 great sword of Reapportionment {pain, *Contam +Blink Str+2 Dex+9} (You found it on level 1 of the Lair of Beasts)
 16577 | Lair:5   | Reached XP level 13. HP: 105/105 MP: 27/31
 16811 | Lair:6   | Entered Level 6 of the Lair of Beasts
 17041 | Lair:6   | HP: 5/105 [poisoned by a black mamba]
 17496 | Lair:6   | Reached skill level 10 in Spellcasting
 17511 | Lair:6   | Reached skill level 11 in Earth Magic
 18541 | Lair:6   | Found the brooch of Shielding {Reflect SH+8}
 19235 | Lair:3   | Found a staircase to the Swamp.
 19674 | D:7      | Bought an uncursed amulet of regeneration for 450 gold pieces
 19717 | D:6      | Bought a scroll of summoning for 104 gold pieces
 19723 | D:6      | Learned a level 5 spell: Borgnjor's Vile Clutch
 19726 | D:6      | Learned a level 2 spell: Shroud of Golubria
 19730 | D:6      | Learned a level 3 spell: Regeneration
 19734 | D:6      | Learned a level 2 spell: Passwall
 19898 | D:10     | Found a corrupted altar of Lugonu.
 20034 | D:10     | Found a transporter.
 20042 | D:10     | Got a crude bone ring
 20925 | D:12     | Identified the ring of Bemeill {*Corrode +Blink MR+ Int+2 Stlth-} (You found it on level 10 of the Dungeon)
 21263 | D:12     | Noticed Nergalle
 21274 | D:12     | Reached XP level 14. HP: 111/115 MP: 28/33
 21283 | D:12     | Killed Nergalle
 21367 | D:12     | Found a staircase to the Orcish Mines.
 21415 | D:13     | Found a gate to the Vaults.
 21415 | D:13     | Noticed Rupert
 21663 | D:13     | Found Uciesab's Antique Armour Boutique.
 21671 | D:13     | Bought a transparent leather armour for 210 gold pieces
 21671 | D:13     | Bought a glowing scarf for 240 gold pieces
 21677 | D:13     | Identified the cursed +1 leather armour of Youthful Indiscretion {rF+ Regen+ Str-2 Int+10} (You bought it in a shop on level 13 of the Dungeon)
 21797 | D:13     | Killed Rupert
 21797 | D:13     | Reached skill level 1 in Shields
 22542 | D:13     | Identified the Collected Works on Boosting Snow
 22559 | D:13     | Learned a level 2 spell: Blink
 22563 | D:13     | Learned a level 3 spell: Mephitic Cloud
 22573 | D:13     | Got a fine marble ring
 22589 | D:13     | Identified the ring of Activism {rPois AC+3 Int+4 Dex-5 Stlth+} (You found it on level 13 of the Dungeon)
 22639 | D:14     | Found an opulent altar of Gozag.
 22643 | D:14     | Found Gozag's Platinum Reserve.
 22940 | D:14     | Noticed Louise
 22949 | D:14     | Killed Louise
 23167 | D:14     | Reached skill level 12 in Earth Magic
 23601 | D:15     | Entered Level 15 of the Dungeon
 23602 | D:15     | Found a frozen archway.
 23641 | IceCv    | Entered an ice cave
 24288 | IceCv    | Got a twitching pewter amulet
 24307 | IceCv    | Identified the amulet of Lucidity {Spirit *Drain Dex+4 Slay+2} (You found it in an ice cave)
 24592 | D:15     | Noticed Roxanne
 24597 | D:15     | Killed Roxanne
 25675 | D:15     | Noticed Sonja
 25682 | D:15     | Killed Sonja
 25700 | D:15     | Found a staircase to the Depths.
 26417 | Orc:1    | Entered Level 1 of the Orcish Mines
 26479 | Orc:1    | Reached XP level 15. HP: 105/123 MP: 35/35
 26482 | Orc:1    | Found Tiananceym's Tempting Trifles.
 26864 | Orc:1    | Found a roughly hewn altar of Beogh.
 27154 | Orc:2    | Entered Level 2 of the Orcish Mines
 27373 | Orc:2    | Found a staircase to the Elven Halls.
 28151 | Orc:2    | Paralysed by an orc sorcerer for 6 turns
 28175 | Orc:2    | Found an ancient bone altar of Kikubaaqudgha.
 28267 | Orc:2    | Found Mogoe's Distillery.
 28276 | Orc:2    | Noticed Erolcha
 28282 | Orc:2    | Killed Erolcha
 28283 | Orc:2    | Found a radiant altar of Vehumet.
 28307 | Orc:2    | Found a roughly hewn altar of Beogh.
 28307 | Orc:2    | Found Nuaruer's Gadget Shop.
 28313 | Orc:2    | Found Dianisish's Distillery.
 28358 | Orc:2    | Found Siesoukogo's Antique Weapon Shop.
 28369 | Orc:2    | Bought a potion of flight for 45 gold pieces
 28369 | Orc:2    | Bought a potion of cancellation for 120 gold pieces
 28369 | Orc:2    | Bought a potion of agility for 60 gold pieces
 28369 | Orc:2    | Bought a potion of heal wounds for 75 gold pieces
 28369 | Orc:2    | Bought 2 potions of heal wounds for 150 gold pieces
 28369 | Orc:2    | Bought a potion of ambrosia for 120 gold pieces
 28848 | Swamp:1  | Entered Level 1 of the Swamp
 29790 | Swamp:1  | Noticed Frances
 29798 | Swamp:1  | Killed Frances
 30391 | Swamp:2  | Noticed a thorn hunter
 30396 | Swamp:2  | Killed a thorn hunter
 30593 | Swamp:2  | Reached skill level 5 in Shields
 31147 | Swamp:3  | Reached skill level 13 in Earth Magic
 32101 | Swamp:4  | Entered Level 4 of the Swamp
 32767 | Swamp:4  | Reached XP level 16. HP: 132/132 MP: 15/37
 33557 | Swamp:4  | Got a decaying rune of Zot
 33861 | Swamp:4  | Noticed Nikola
 34028 | Swamp:4  | Killed Nikola
 34714 | Spider:1 | Entered Level 1 of the Spider Nest
 34760 | Spider:1 | Reached skill level 10 in Dodging
 34866 | Spider:1 | Noticed Asterion
 34877 | Spider:1 | Killed Asterion
 36155 | Spider:1 | Upgraded the game from 0.21.0-3-g78d12a8 to 0.21.0-22-g11d5b52
 36293 | Spider:2 | Noticed Arachne
 36304 | Spider:2 | Killed Arachne
 36304 | Spider:2 | Reached skill level 10 in Fighting
 36304 | Spider:2 | Reached skill level 10 in Armour
 37428 | Spider:2 | Reached skill level 14 in Earth Magic
 37718 | Spider:3 | Reached XP level 17. HP: 119/140 MP: 24/39
 37934 | Spider:3 | Learned a level 9 spell: Shatter
 38015 | Spider:3 | Noticed Agnes
 38025 | Spider:3 | HP: 2/140 [redback (12)]
 38027 | Spider:3 | Slain by a redback

Skill      XL: |  1  2  3  4  5  6  7  8  9 10 11 12 13 14 15 16 |
---------------+-------------------------------------------------+-----
Spellcasting   | 2 3 4 5 6 7 8 9 10 11 12 13 | 13.0
Earth Magic    | 3 4 5 6 7 8 9 10 11 12 13 14 | 14.1
Dodging        | 2 3 4 5 6 7 8 9 10 | 10.2
Armour         | 1 2 3 4 5 6 7 8 9 10 | 10.2
Fighting       | 1 2 3 4 5 6 7 8 9 10 | 10.1
Staves         | 2 3 4 5 6 7 8 9 |  9.5
Evocations     | 2 3 4 5 6 7 8 9 |  9.5
Shields        | 3 5 6 |  6.4
Stealth        | |  1.7
Transmutations | |  0.8

Action                   |  1- 3 |  4- 6 |  7- 9 | 10-12 | 13-15 | 16-18 || total
-------------------------+-------+-------+-------+-------+-------+-------++-------
Melee: Unarmed           |    26 |    11 |       |       |       |       ||    37
       Dagger            |       |   217 |   154 |   280 |   121 |       ||   772
       Quarterstaff      |       |       |       |       |   705 |   109 ||   814
Throw: Stone             |       |     1 |       |       |     2 |       ||     3
 Cast: Sandblast         |    62 |    52 |   128 |   118 |   218 |    72 ||   650
       Stone Arrow       |       |       |     2 |   365 |   715 |   133 ||  1215
       Lee's Rapid Decon |       |       |       |     1 |    81 |    36 ||   118
       Petrify           |       |       |       |       |    21 |    26 ||    47
       Blink             |       |       |       |       |     3 |     7 ||    10
       Borgnjor's Vile C |       |       |       |       |    33 |    64 ||    97
       Shroud of Golubri |       |       |       |       |     2 |     6 ||     8
Evoke: Wand              |       |     2 |    25 |    50 |    54 |    11 ||   142
       Lamp of fire      |       |       |       |       |     1 |     3 ||     4
       Crystal ball of e |       |       |       |       |     1 |       ||     1
  Use: Scroll            |       |     2 |     1 |    15 |    34 |    20 ||    72
       Potion            |       |     6 |     1 |     5 |     7 |     3 ||    22
 Stab: Sleeping          |       |     1 |       |       |     1 |       ||     2
       Paralysed         |       |       |     3 |     5 |     1 |       ||     9
       Petrified         |       |       |       |       |     6 |     3 ||     9
       Petrifying        |       |       |       |       |     1 |     1 ||     2
  Eat: Chunk             |       |     9 |     6 |    18 |    26 |     7 ||    66
       Ration            |       |     1 |     1 |     3 |     8 |     3 ||    16
Armor: Leather armour    |     9 |    12 |       |    72 |   410 |   102 ||   605
       Scale mail        |       |   115 |    94 |   190 |       |       ||   399
       Skin              |       |     4 |       |    18 |       |       ||    22
Dodge: Dodged            |    44 |   126 |   144 |   439 |   944 |   224 ||  1921
       Deflected         |       |       |       |       |    26 |     5 ||    31
Block: Other             |       |       |       |       |   382 |   120 ||   502
       Reflection        |       |       |       |       |    17 |     3 ||    20
